 Dungeon Crawl Stone Soup version 0.18-a0-1426-g3b9a63c (webtiles) character file.

641 chei the Slasher (level 7, -1/64 HPs)
             Began as a Naga Fighter on Feb 27, 2016.
             Slain by a centaur skeleton (2 damage)
             ... on level 4 of the Dungeon.
             The game lasted 00:06:57 (3850 turns).

chei the Slasher (Naga Fighter)                     Turns: 3850, Time: 00:06:57

Health: -1/64      AC:  6    Str: 23 (24) XL:     7   Next: 51%
Magic:  7/7        EV:  8    Int:  7 (9)  God:
Gold:   141        SH:  9    Dex: 11      Spells: 0 memorised, 6 levels left

rFire  . . .     SeeInvis +     a - +0 long sword
rCold  . . .     Gourm    .     s - +2 robe {Archmagi}
rNeg   . . .     Faith    .     c - +0 shield
rPois  +         Spirit   .     (no helmet)
rElec  .         Dismiss  .     (no cloak)
rCorr  .         Reflect  .     u - +0 pair of gloves
SustAt .         Harm     .     (no barding)
MR     .....                    (no amulet)
Stlth  +.........               (no ring)
                                (no ring)

@: mighty, very slow, not resistant to hostile enchantments, very unstealthy
A: see invisible, deformed body, poison resistance, slowness 2, slow metabolism
1, spit poison 2, AC +2
a: Spit Poison


You were on level 4 of the Dungeon.
You were not hungry.

You visited 1 branch of the dungeon, and saw 4 of its levels.

You collected 141 gold pieces.

Inventory:

Hand Weapons
 a - a +0 long sword (weapon)
Armour
 b - a +0 scale mail
 c - a +0 shield (worn)
 s - a +2 robe of the Archmagi (worn)
 u - a +0 pair of gloves (worn)
Jewellery
 n - a +3 ring of dexterity {unknown}
Wands
 w - a wand of iceblast (2/15)
Scrolls
 e - a scroll of fog {unknown}
 g - a scroll of enchant armour {unknown}
 i - a scroll of noise {unknown}
 j - 2 scrolls of magic mapping
 k - 2 scrolls of remove curse
 o - a scroll of recharging {unknown}
 t - a scroll of teleportation {unknown}
 x - a scroll of blinking {unknown}
Potions
 d - a potion of might
 h - 2 potions of degeneration
Comestibles
 f - 2 bread rations
 l - a beef jerky
 m - 4 chunks of flesh
 p - a meat ration
 r - a royal jelly
 z - 3 fruits


   Skills:
 + Level 4.1 Fighting
 * Level 5.2 Long Blades
 + Level 3.6 Armour
 + Level 3.4 Dodging
 - Level 2.4 Shields


You had 6 spell levels left.
You didn't know any spells.

Dungeon Overview and Level Annotations

Branches:
Dungeon (4/15)
 Temple: D:4-7

Altars:
Ashenzari


Innate Abilities, Weirdness & Mutations

You cannot wear boots.
Your serpentine skin is tough (AC +2).
You have supernaturally acute eyesight.
Armour fits poorly on your strangely shaped body.
Your system is resistant to poisons.
You cover ground very slowly.
You have a slow metabolism.
You can spit poison.


Message History

The ball python barely misses you.
Unknown command.
Unknown command.
You slash the ball python!
You kill the ball python!
The jackal barely misses you.
The centaur skeleton hits you but does no damage.
The jackal bites you but does no damage.
You block the centaur skeleton's attack.
You closely miss the river rat. The jackal barely misses you.
The centaur skeleton hits you but does no damage.
The jackal bites you but does no damage.
The river rat bites you.
* * * LOW HITPOINT WARNING * * *
A giant cockroach comes into view.
Unknown command.
You hit the river rat.
The river rat is heavily wounded.
The centaur skeleton hits you.
You die...

#....#*,,..********
#....#*,,,,*
##...##*****
#.....# #†....#
####'#.># *********
#..#.####
*,,,,,,,*###..$Zh#
,,,,,,,,.s....rr@#
≈≈,,,,,,##########
,,≈≈,,,,* ≈≈≈≈≈,,,*
+**≈≈,,,* ≈≈*≈≈≈,**
∩≈*≈≈,,* ≈≈+≈≈≈,*
********


You could see a river rat, a jackal, a giant cockroach, a rat and a centaur
skeleton.

Vanquished Creatures
  Sigmund (D:3)
  An ogre (D:4)
  2 orc priests
  2 orc wizards (D:4)
  Jessica (D:3)
  Terence (D:2)
  An iguana (D:4)
  Natasha (thrice) (D:3)
  A worker ant (D:4)
  2 adders (D:2)
  An ooze (D:2)
  A worm (D:2)
  3 dart slugs
  A giant gecko (D:4)
  11 orcs
  4 bats
  4 giant cockroaches
  6 goblins
  8 hobgoblins
  7 jackals
  A quokka (D:4)
  4 ball pythons
  6 giant newts
  3 kobolds
  23 rats
98 creatures vanquished.

Notes
Turn   | Place    | Note
--------------------------------------------------------------
     0 | D:1      | chei the Naga Fighter began the quest for the Orb.
     0 | D:1      | Reached XP level 1. HP: 21/21 MP: 1/1
   263 | D:1      | Reached XP level 2. HP: 25/28 MP: 2/2
   986 | D:1      | Reached XP level 3. HP: 34/34 MP: 3/3
  1718 | D:2      | Noticed Terence
  1732 | D:2      | Killed Terence
  1732 | D:2      | Reached skill level 3 in Long Blades
  1732 | D:2      | Reached skill level 1 in Dodging
  1732 | D:2      | Reached XP level 4. HP: 27/42 MP: 4/4
  2528 | D:2      | Found a shattered altar of Ashenzari.
  2831 | D:3      | Noticed Jessica
  2840 | D:3      | Killed Jessica
  2840 | D:3      | Reached XP level 5. HP: 44/49 MP: 5/5
  2944 | D:3      | Noticed Sigmund
  2962 | D:3      | Killed Sigmund
  2962 | D:3      | Reached skill level 4 in Long Blades
  2962 | D:3      | Reached XP level 6. HP: 36/57 MP: 6/6
  3137 | D:3      | Noticed Natasha
  3146 | D:3      | Killed Natasha
  3378 | D:3      | Noticed Natasha
  3399 | D:3      | Killed Natasha
  3406 | D:3      | Noticed Natasha
  3415 | D:3      | Killed Natasha
  3691 | D:4      | Reached XP level 7. HP: 40/63 MP: 7/7
  3776 | D:4      | Reached skill level 5 in Long Blades
  3849 | D:4      | HP: 1/64 [river rat (6)]
  3850 | D:4      | Slain by a centaur skeleton

Vault maps used:
D:1:      erik_arrival_orb_chamber
D:2:      evilmike_ruin_ashenzari, uniq_terence
D:3:      uniq_jessica, uniq_sigmund, uniq_natasha
D:4:      portal_sewer_entry_e, first_bread

Skill      XL: |  1  2  3  4  5  6  7 |
---------------+----------------------+-----
Long Blades    | 3 4 5 |  5.2
Dodging        | 1 2 3 |  3.4
Armour         | 3 |  3.6
Fighting       | 4 |  4.1
Shields        | |  2.4

Action                   |  1- 3 |  4- 6 |  7- 9 || total
-------------------------+-------+-------+-------++-------
Melee: Long sword        |   157 |   149 |    55 ||   361
 Abil: Spit Poison       |     1 |     3 |     2 ||     6
Evoke: Wand              |       |       |     2 ||     2
  Use: Scroll            |       |     3 |     1 ||     4
       Potion            |       |       |     8 ||     8
  Eat: Chunk             |       |     7 |     1 ||     8
